 Dungeon Crawl Stone Soup version 0.31-a0-219-g8d62b2e7bb (webtiles) character file.

Game seed: 12657307822627598629

35 pokeman the Magician (level 3, -8/17 (20) HPs)
             Began as a Deep Elf Hedge Wizard on July 3, 2023.
             Killed from afar by an orc wizard (11 damage)
             ... with a puff of flame
             ... on level 2 of the Dungeon.
             The game lasted 00:02:07 (1253 turns).

pokeman the Magician (Deep Elf Hedge Wizard)        Turns: 1253, Time: 00:02:07

HP:   -8/17 (20)    AC:  2    Str:  7    XL:     3   Next: 17%
MP:   1/11          EV: 12    Int: 20    God:
Gold: 50            SH:  0    Dex: 14    Spells: 4/12 levels left

rFire   . . .        a - +0 dagger
rCold   . . .        (no shield)
rNeg    + . .        b - +0 robe
rPois   .            c - +0 hat
rElec   .            (no cloak)
rCorr   .            (no gloves)
SInv    .            (no boots)
Will    .....        (no amulet)
Stlth   ++           f - ring of positive energy
HPRegen 0.22/turn    (no ring)
MPRegen 0.12/turn

%: no passive effects
@: heavily drained
A: no striking features
a: no special abilities


You were on level 2 of the Dungeon.
You visited 1 branch of the dungeon, and saw 2 of its levels.

You collected 50 gold pieces.

Inventory:

Hand Weapons
 a - a +0 dagger (weapon)
Armour
 b - a +0 robe (worn)
 c - a +0 hat (worn)
Jewellery
 f - a ring of positive energy (left hand)
Wands
 g - a wand of iceblast (9)
Scrolls
 e - a scroll of identify {unknown}
 h - a scroll of acquirement {unknown}
Potions
 d - 2 potions of magic
 i - a potion of degeneration {unknown}
 j - a potion of brilliance {unknown}
 k - 2 potions of might {unknown}


   Skills:
 + Level 0.8 Fighting
 + Level 0.7 Armour
 - Level 2.4 Dodging
 - Level 2.4 Stealth
 * Level 5.1 Spellcasting
 + Level 1.7 Conjurations
 - Level 1.1 Summonings
 - Level 1.1 Translocations


You had 4 spell levels left.
You knew the following spells:

 Your Spells              Type           Power      Damage    Failure   Level
a - Magic Dart            Conj           48%        1d5       5%          1
b - Mephitic Cloud        Conj/Pois/Air  7%         N/A       26%         3
c - Call Imp              Summ           18%        N/A       11%         2
d - Blink                 Tloc           18%        N/A       11%         2

Your spell library contained the following spells:

 Spells                   Type           Power      Damage    Failure   Level
 Slow                     Hex            20%        N/A       12%         1
 Cigotuvi's Dreadful Rot  Necr/Pois/Air  10%        N/A       17%         2


Dungeon Overview and Level Annotations

Branches:
Dungeon (2/15)

Altars:


Message History

The orc wizard hits you with a +1 mace of draining.
You partially resist.
You feel drained.
A frilled lizard comes into view.
Unknown command.
You closely miss the orc wizard.
The orc wizard is heavily wounded.
Your cerulean imp closely misses the orc wizard.
The orc wizard gestures at you while chanting.
The puff of flame hits you!
* * * LOW HITPOINT WARNING * * *
Unknown command.
The orc wizard attacks as you move away!
The orc wizard hits you with a +1 mace of draining.
* * * LOW HITPOINT WARNING * * *
You partially resist.
You feel drained.
Your cerulean imp misses the orc wizard.
Your cerulean imp barely misses the orc wizard.
Casting: Call Imp (safe; 11% risk of failure)
Confirm with . or Enter, or press ? or * to list all spells.
You blink.
A ball python comes into view.
The ball python hisses angrily.
Something misses your cerulean imp.
The orc wizard hits your cerulean imp with a +1 mace of draining.
Your cerulean imp misses the orc wizard.
The orc wizard misses your cerulean imp.
Something barely misses your cerulean imp.
Found a stone staircase leading up.
Your cerulean imp closely misses the orc wizard.
Something bites your cerulean imp but does no damage.
The orc wizard closely misses your cerulean imp.
Your cerulean imp hits the orc wizard with a -4 spear.
You feel stable enough to blink again.
Your cerulean imp hits the orc wizard but does no damage.
The frilled lizard barely misses your cerulean imp.
Your cerulean imp hits the orc wizard with a -4 spear.
The orc wizard gestures at you while chanting.
The puff of flame hits you!
Ouch! That really hurt!
You die...

#....#.)###
#.......####S.
#.l5###.......
#.).o.S.#
#......### #
#........# .#
..###......#.###.#
..................#
...#####.##....@.<#
. #...###.#.####
#.#†....#..
###+###.#.#...###.
#..†...<#.#...# .
#.......#.#...# .
........+.#...#
........### .#
........#


You could see an orc wizard (ally target), a ball python and a friendly cerulean
imp (summoned).

Vanquished Creatures
  A gnoll (D:1)
  A dart slug (D:1)
  An orc (D:2)
  4 endoplasms (D:1)
  A giant cockroach (D:1)
  A hobgoblin (D:1)
  3 ball pythons
  2 bats
  A frilled lizard (D:1)
  3 goblins (D:1)
  A kobold (D:1)
  3 rats
22 creatures vanquished.

Notes
Turn   | Place    | Note
-------+----------+-------------------------------------------
     0 | D:1      | pokeman the Deep Elf Hedge Wizard began the quest for the
                  | Orb.
     0 | D:1      | Reached XP level 1. HP: 10/10 MP: 7/7
   239 | D:1      | Found a faded altar of an unknown god.
   418 | D:1      | Reached XP level 2. HP: 16/16 MP: 7/9
   762 | D:1      | Reached skill level 5 in Spellcasting
  1000 | D:1      | Reached XP level 3. HP: 20/20 MP: 5/11
  1004 | D:1      | Learned a level 3 spell: Mephitic Cloud
  1007 | D:1      | Learned a level 2 spell: Call Imp
  1010 | D:1      | Learned a level 2 spell: Blink
  1253 | D:2      | Killed from afar by an orc wizard

Illustrated notes

Levels and vault maps discovered:
D:1:      minmay_arrival_hallway, layout_loops_ring,
          hellmonk_ecumenical_altar_lost_god
D:2:      layout_basic, serial_shops, shop

Skill      XL: |  1  2 |
---------------+-------+-----
Spellcasting   | 5 |  5.1
Fighting       | |  0.8
Armour         | |  0.7
Dodging        | |  2.4
Stealth        | |  2.4
Conjurations   | |  1.7
Summonings     | |  1.1
Translocations | |  1.1

Action                     || total
---------------------------++-------
  Melee: Dagger            ||     5
   Cast: Magic Dart        ||    66
         Mephitic Cloud    ||     1
         Blink             ||     1
         Call Imp          ||     1
 Armour: Robe              ||     6
  Dodge: Dodged            ||     8

Table legend: (Time is in decaauts)
 A = Elapsed time spent in this place.
 B = Non-inter-level travel time spent in this place.
 C = Inter-level travel time spent in this place.
 D = Time resting spent in this place.
 E = Time spent auto-exploring this place.
 F = Levels seen in this place.
 G = Mean time per level.
                   A        B        C        D        E       F      G
               +--------+--------+--------+--------+--------+-----+--------+
         Total |   1252 |   1241 |     11 |      0 |   1094 |   2 |  626.0 |
       Dungeon |   1252 |   1241 |     11 |      0 |   1094 |   2 |  626.0 |
               +--------+--------+--------+--------+--------+-----+--------+

Top non-repeatable levels by time:
     D:1: 1171 daAuts
     D:2: 80 daAuts
